 Dungeon Crawl Stone Soup version 0.29.0-4-gdea44cf6ec (webtiles) character file.

Game seed: 5531500474398659705

179 qw the Chopper (level 5, -3/30 HPs)
             Began as a Tengu Warper on Aug 28, 2022.
             Slain by an iguana (12 damage)
             ... on level 5 of the Dungeon.
             The game lasted 00:00:18 (3535 turns).

qw the Chopper (Tengu Warper)                       Turns: 3535, Time: 00:00:19

Health: -3/30      AC:  6    Str: 14    XL:     5   Next: 59%
Magic:  9/9        EV: 13    Int: 13    God:
Gold:   163        SH:  0    Dex: 13    Spells: 8/8 levels left

rFire   + . .      SeeInvis .   Y - +0 hand axe
rCold   . . .      Faith    .   (no shield)
rNeg    . . .      Spirit   .   e - +1 ring mail {rF+}
rPois   .          Reflect  .   (helmet restricted)
rElec   .          Harm     .   (no cloak)
rCorr   .          Rampage  .   (no gloves)
Will    .....                   (boots unavailable)
Stlth   +.........              (no amulet)
HPRegen 0.10/turn               (no ring)
MPRegen 0.11/turn               (no ring)

@: flying quickly and evasively, quick
A: beak, talons 3, nimble flight
a: no special abilities


You were on level 5 of the Dungeon.
You visited 1 branch of the dungeon, and saw 4 of its levels.

You collected 163 gold pieces.


Innate Abilities, Weirdness & Mutations

You have a beak for a mouth.
You have claws for feet.
Your magical nature lets you fly swiftly and evasively.


   Skills:
 - Level 2.0 Fighting
 + Level 6.2 Axes
 - Level 1.0 Throwing
 - Level 1.1 Armour
 - Level 2.1 Dodging
 - Level 2.0 Spellcasting
 - Level 2.4 Translocations


You had 8 spell levels left.
You didn't know any spells.
Your spell library contained the following spells:

 Spells                   Type           Power      Damage    Failure   Level
 Blink                    Tloc           14%        N/A       30%         2
 Gell's Gravitas          Tloc           7%         N/A       52%         3
 Lesser Beckoning         Tloc           7%         N/A       52%         3
 Teleport Other           Tloc           7%         N/A       52%         3
 Manifold Assault         Tloc           7%         N/A       99%         5

Inventory:

Hand Weapons
 g - a +0 whip
 Y - a +0 hand axe (weapon)
Armour
 e - a +1 ring mail of fire resistance (worn)
 f - a +0 scale mail
Scrolls
 b - a scroll of enchant armour
Potions
 a - 2 potions of curing
 c - a potion of cancellation {unknown}
 h - a potion of mutation {unknown}

Dungeon Overview and Level Annotations

Branches:
Dungeon (3/15)

Altars:
Zin

Shops:
D:1 (


Message History

The orc wizard hits you but does no damage.
You hit the orc priest. You claw the orc priest. You peck the orc priest.
The orc priest is almost dead.
You hit the iguana. You barely miss the orc wizard. You closely miss the orc.
You closely miss the orc priest. The iguana closely misses you.
The orc priest barely misses you. The orc misses you.
The orc wizard hits you but does no damage.
You hit the orc priest.
You kill the orc priest!
You closely miss the iguana. You closely miss the orc priest.
You hit the orc wizard but do no damage.
You hit the orc. You barely miss the orc.
The iguana bites you but does no damage.
The orc priest closely misses you. The orc barely misses you.
The orc closely misses you.
The orc wizard hits you but does no damage.
Your Axes skill increases to level 6!
You closely miss the orc. Your kick misses the orc.
The orc is heavily wounded.
You closely miss the orc priest. You closely miss the orc wizard.
You hit the orc but do no damage. You hit the iguana but do no damage.
The iguana barely misses you. The orc priest misses you.
The orc hits you but does no damage. The orc closely misses you.
The orc wizard hits you but does no damage.
You hit the orc.
You kill the orc!
You hit the orc. You hit the iguana but do no damage.
You hit the orc priest but do no damage.
You hit the orc wizard. The iguana misses you.
The orc priest hits you with a +0 hand axe.
The orc hits you with a +0 club.
The orc wizard hits you but does no damage.
You completely miss the iguana.
The iguana is moderately wounded.
You completely miss the orc priest. You closely miss the orc wizard.
You hit the orc but do no damage. The iguana bites you!
You die...

#... ..# ..
#... ..##. #
.##...##.... ..
...........#...
......<......
.......O..>
......ool#
......)@o#
####..)..#
#.....# #######


You could see an ogre, an iguana, an orc priest, an orc wizard and an orc.

Vanquished Creatures
  An orc priest (D:5)
  2 iguanas
  3 adders
  An orc (D:5)
  7 endoplasms
  2 giant cockroaches (D:2)
  12 goblins
  7 hobgoblins
  A quokka (D:2)
  4 ball pythons
  5 bats
  5 frilled lizards
  7 kobolds
  9 rats
66 creatures vanquished.

Notes
Turn   | Place    | Note
-------+----------+-------------------------------------------
     0 | D:1      | qw the Tengu Warper began the quest for the Orb.
     0 | D:1      | Reached XP level 1. HP: 12/12 MP: 4/4
     0 | D:1      | 0 ||| qw: Version: 0.1-a-89-g26bdef1
     0 | D:1      | 0 ||| qw: Game counter: 863
     0 | D:1      | 0 ||| qw: Always use a shield: true
     0 | D:1      | 0 ||| qw: God list: Okawaru
     0 | D:1      | 0 ||| qw: Allow faded altars: false
     0 | D:1      | 0 ||| qw: Do Orc after D:15 true
     0 | D:1      | 0 ||| qw: Do second Lair branch before Depths: true
     0 | D:1      | 0 ||| qw: Lair rune preference: random
     0 | D:1      | 0 ||| qw: Plans: Normal
     0 | D:1      | 0 ||| PLANNING D:1-11
    94 | D:1      | 94 ||| Stepping ~*~*~tactically~*~*~ (stealth).
    98 | D:1      | 98 ||| Stepping ~*~*~tactically~*~*~ (stealth).
   142 | D:1      | Reached XP level 2. HP: 15/17 MP: 6/6
   255 | D:1      | Reached skill level 3 in Axes
   568 | D:1      | 568 ||| Stepping ~*~*~tactically~*~*~ (stealth).
   588 | D:1      | 588 ||| Stepping ~*~*~tactically~*~*~ (stealth).
   612 | D:1      | 612 ||| Stepping ~*~*~tactically~*~*~ (stealth).
   613 | D:1      | 613 ||| Stepping ~*~*~tactically~*~*~ (stealth).
   614 | D:1      | 614 ||| Stepping ~*~*~tactically~*~*~ (stealth).
  1017 | D:1      | Reached XP level 3. HP: 21/21 MP: 7/7
  1112 | D:1      | 1112 ||| Stepping ~*~*~tactically~*~*~ (stealth).
  1113 | D:1      | 1113 ||| Stepping ~*~*~tactically~*~*~ (stealth).
  1184 | D:1      | 1184 ||| DROPPING +0 club.
  1231 | D:1      | Reached skill level 4 in Axes
  1393 | D:1      | Found Hoseaj's Antique Weapon Shoppe.
  1466 | D:1      | 1466 ||| SHOPLISTING glowing flail (136 gold, have 63).
  1604 | D:1      | 1604 ||| UPGRADING to +0 ring mail.
  1614 | D:1      | 1614 ||| DROPPING +0 leather armour.
  1615 | D:1      | 1615 ||| READING 4 scrolls labelled FYRPHI KUTHROS.
  1616 | D:1      | 1616 ||| READING scroll labelled YSMUEG JOESAEL.
  1617 | D:1      | 1617 ||| DROPPING 3 scrolls of summoning.
  1618 | D:1      | 1618 ||| DROPPING scroll of blinking.
  1850 | D:2      | 1850 ||| Stepping ~*~*~tactically~*~*~ (stealth).
  1855 | D:2      | 1855 ||| Stepping ~*~*~tactically~*~*~ (stealth).
  1944 | D:2      | 1944 ||| Stepping ~*~*~tactically~*~*~ (stealth).
  2122 | D:2      | Reached XP level 4. HP: 26/26 MP: 8/8
  2528 | D:2      | 2528 ||| UPGRADING to +1 ring mail of fire resistance.
  2538 | D:2      | 2538 ||| DROPPING +0 ring mail.
  2539 | D:2      | 2539 ||| DROPPING +2 leather armour of fire resistance.
  2540 | D:2      | 2540 ||| DROPPING amulet of faith.
  2541 | D:2      | 2541 ||| READING scroll labelled JYDAERERAX.
  2542 | D:2      | 2542 ||| READING scroll labelled OBOQUBR RETIM.
  2543 | D:2      | 2543 ||| DRINKING 3 smoky red potions.
  2544 | D:2      | 2544 ||| Stepping randomly (stuck).
  2545 | D:2      | 2545 ||| Stepping ~*~*~tactically~*~*~ (cloud).
  3042 | D:3      | Reached skill level 5 in Axes
  3416 | D:3      | You fall into a shaft and drop 2 floors!
  3416 | D:5      | Entered Level 5 of the Dungeon
  3434 | D:5      | Gained mutation: Your magical nature lets you fly swiftly
                  | and evasively. [Tengu growth]
  3434 | D:5      | Reached XP level 5. HP: 23/30 MP: 9/9
  3518 | D:5      | Found a glowing silver altar of Zin.
  3522 | D:5      | 3522 ||| READING 2 scrolls labelled RAOFOP GOVUSCH.
  3523 | D:5      | 3523 ||| READING scroll labelled PYQI NINOMP.
  3528 | D:5      | Noticed an ogre
  3533 | D:5      | Reached skill level 6 in Axes
  3535 | D:5      | Slain by an iguana

Levels and vault maps discovered:
D:1:      lightli_arrival_windingriver, layout_basic, serial_shops,
          nicolae_shop_waterfront
D:2:      layout_basic, minmay_tetromino_s4
D:3:      layout_basic, serial_shops, shop, minmay_misc_feat_tower,
          minmay_snake_closets
D:5:      layout_basic, nemelex_dance_club_becter, zin_statuary,
          grunt_temple_overflow_diamond

Skill      XL: |  1  2  3  4  5 |
---------------+----------------+-----
Axes           | 3 4 5 6 |  6.2
Fighting       | |  2.0
Throwing       | |  1.0
Armour         | |  1.1
Dodging        | |  2.1
Spellcasting   | |  2.0
Translocations | |  2.4

Action                   |  1- 3 |  4- 6 || total
-------------------------+-------+-------++-------
Melee: Hand axe          |   100 |    74 ||   174
       Kick              |    24 |    16 ||    40
       Peck              |    11 |    11 ||    22
Throw: Boomerang         |     7 |       ||     7
  Use: Scroll            |     2 |     4 ||     6
       Potion            |       |     1 ||     1
Armor: Leather armour    |    14 |       ||    14
       Ring mail         |     8 |    38 ||    46
Dodge: Dodged            |    36 |    48 ||    84

Table legend:
 A = Non-vault XP
 B = Vault XP
 C = Vault XP percentage of total XP
 D = Non-vault monster count
 E = Vault monster count
 F = Vault count percentage of total count
                 A         B        C        D         E       F
            +---------+---------+-------+---------+---------+-------
      Total |     254 |       2 |   0.8 |      65 |       1 |   1.5
            +---------+---------+-------+---------+---------+-------
        D:1 |      48 |       0 |   0.0 |      31 |       0 |   0.0
        D:2 |      41 |       2 |   4.7 |      18 |       1 |   5.3
        D:3 |      67 |       0 |   0.0 |      12 |       0 |   0.0
        D:5 |      98 |       0 |   0.0 |       4 |       0 |   0.0
            +---------+---------+-------+---------+---------+-------
